 Dungeon Crawl Stone Soup version 0.31-a0-836-g3ceb0a68c4 (webtiles) character file.

Game seed: 16753035469039041521

3 TheScarfBastard the Trooper (level 1, 0/28 HPs)
             Began as a Draconian Berserker on Sept 26, 2023.
             Was a Follower of Trog.
             Slain by a jackal (2 damage)
             ... on level 1 of the Dungeon.
             The game lasted 00:00:45 (125 turns).

TheScarfBastard the Trooper (Draconian Berserker)    Turns: 125, Time: 00:00:46

Health: 0/28       AC:  5    Str: 19    XL:     1   Next: 41%
Magic:  1/1        EV: 12    Int:  7    God:    Trog [*.....]
Gold:   0          SH:  0    Dex: 10    Spells: 0/0 levels left

rFire   . . .        d - +0 lajatang
rCold   . . .        (shield currently unavailable)
rNeg    . . .        (body armour unavailable)
rPois   .            (helmet restricted)
rElec   .            (no cloak)
rCorr   .            (no gloves)
SInv    .            b - +0 pair of boots
Will    .....        (no amulet) Stlth
                     (no ring)
HPRegen 0.24/turn    (no ring)
MPRegen 0.07/turn

%: no passive effects
@: berserking, slowed
A: AC +4, unfitting armour, cold-blooded
a: Renounce Religion, Berserk


You were on level 1 of the Dungeon.
You worshipped Trog.
Trog was aware of your devotion.
You visited 1 branch of the dungeon, and saw 1 of its levels.

Inventory:

Hand Weapons
 a - a +0 hand axe
 d - a +0 lajatang (weapon)
Armour
 b - a +0 pair of boots (worn)
Scrolls
 e - a scroll of identify
Potions
 c - a potion of attraction


   Skills:
 + Level 3.4 Fighting
 + Level 3.0 Axes
 + Level 2.7 Dodging


You couldn't memorise any spells.
You didn't know any spells.
Your spell library was empty.

Dungeon Overview and Level Annotations

Branches:
Dungeon (1/15)

Altars:


Innate Abilities, Weirdness & Mutations

Your plain brown scales are hard. (AC +4)
You cannot fit into any form of body armour.
You are cold-blooded and may be slowed by cold attacks.


Message History

The jackal closely misses you. The quokka completely misses you.
The jackal barely misses you.
You hit the jackal.
You kill the jackal!
Trog accepts your kill. The jackal closely misses you.
The quokka barely misses you. The jackal misses you.
The quokka closely misses you.
The jackal bites you but does no damage.
The quokka closely misses you.
The jackal bites you but does no damage.
You see here a jackal corpse.
You hit the jackal but do no damage.
Your tail-slap misses the jackal.
The quokka completely misses you.
The jackal bites you but does no damage.
The quokka closely misses you.
The endoplasm jiggles.
The endoplasm freezes you.
You are frozen.
The jackal closely misses you.
You miss the jackal.
Your tail-slap misses the jackal.
The jackal barely misses you. The quokka bites you. The endoplasm hits you.
The jackal bites you but does no damage.
The quokka completely misses you.
You closely miss the jackal. The endoplasm freezes you.
You are frozen.
You feel yourself slow down.
The jackal bites you but does no damage.
The quokka bites you but does no damage.
The jackal misses you. The endoplasm barely misses you.
You closely miss the jackal.
You feel yourself speed up. The quokka bites you.
The jackal closely misses you. The endoplasm barely misses you.
The quokka closely misses you. The jackal closely misses you.
The quokka bites you. The endoplasm freezes you.
You are frozen.
* * * LOW HITPOINT WARNING * * *
You feel yourself slow down. The jackal closely misses you.
A red film seems to cover your vision as you go berserk!
You feel yourself moving faster!
You feel mighty! The jackal bites you.
You die...

#.
..######.#.##########..##..
#.
#..........................
#.
##.........##########..##..
#. #.........# #.(# .
#.........# #..#
#.........# #..#
#####.....##########..#
###.................####
......h@r...............
###....J#########...####
......... #....# ####......
#...## #....... #.###
#........ #.#######
#........# #.~~##..+
#........# #.~~'...#
##~~##..'


You could see an endoplasm, a quokka and a jackal.

Vanquished Creatures
  A giant cockroach (D:1)
  A jackal (D:1)
  A rat (D:1)
3 creatures vanquished.

Notes
Turn   | Place    | Note
-------+----------+-------------------------------------------
     0 | D:1      | TheScarfBastard the Draconian Berserker began the quest for
                  | the Orb.
     0 | D:1      | Reached XP level 1. HP: 19/19 MP: 1/1
   125 | D:1      | Slain by a jackal

Illustrated notes

Levels and vault maps discovered:
D:1:      sevenhm_arrival_forest_fort_small_1, layout_basic,
          minmay_small_reverse_x

Action                     || total
---------------------------++-------
  Melee: Lajatang          ||     8
         Hand axe          ||     7
         Tailslap          ||     1
 Invoke: Berserk           ||     1
    Use: Scroll            ||     1
 Armour: Skin              ||    22
  Dodge: Dodged            ||    24

Table legend: (Time is in decaauts)
 A = Elapsed time spent in this place.
 B = Non-inter-level travel time spent in this place.
 C = Inter-level travel time spent in this place.
 D = Time resting spent in this place.
 E = Time spent auto-exploring this place.
 F = Levels seen in this place.
 G = Mean time per level.
                   A        B        C        D        E       F      G
               +--------+--------+--------+--------+--------+-----+--------+
         Total |    131 |    131 |      0 |      0 |     49 |   1 |  131.0 |
       Dungeon |    131 |    131 |      0 |      0 |     49 |   1 |  131.0 |
               +--------+--------+--------+--------+--------+-----+--------+

Top non-repeatable levels by time:
     D:1: 131 daAuts
